 Dungeon Crawl Stone Soup version 0.20.0-15-g7f486f2 (console) character file.

52 removed the Slasher (level 3, -1/22 HPs)
             Began as a Deep Elf Fighter on June 11, 2017.
             Slain by a worm (9 damage)
             ... on level 2 of the Dungeon.
             The game lasted 00:01:52 (1593 turns).

removed the Slasher (Deep Elf Fighter)              Turns: 1593, Time: 00:01:53

Health: -1/22      AC:  6    Str: 13    XL:     3   Next: 60%
Magic:  5/5        EV:  6    Int: 12    God:
Gold:   59         SH:  8    Dex: 15    Spells: 2/2 levels left

rFire    . . .     SeeInvis .   a - +0 long sword
rCold    . . .     Gourm    .   c - +0 shield
rNeg     . . .     Faith    .   b - +0 scale mail
rPois    .         Spirit   .   (no helmet)
rElec    .         Reflect  .   (no cloak)
rCorr    .         Harm     .   (no gloves)
MR       .....                  (no boots)
Stlth    ..........             (no amulet)
Regen    0.1/turn               (no ring)
MPRegen  0.1/turn               (no ring)

@: no status effects
A: no striking features
a: no special abilities


You were on level 2 of the Dungeon.
You were not hungry.

You visited 1 branch of the dungeon, and saw 2 of its levels.

You collected 59 gold pieces.

Inventory:

Hand Weapons
 a - a +0 long sword (weapon)
Armour
 b - a +0 scale mail (worn)
 c - a +0 shield (worn)
Scrolls
 g - a scroll of immolation {unknown}
 h - 2 scrolls of identify {unknown}
 k - a scroll of blinking {unknown}
 n - a scroll of remove curse {unknown}
 o - a scroll of enchant armour {unknown}
 p - a scroll of amnesia {unknown}
 r - a scroll of teleportation {unknown}
Potions
 d - 2 potions of might
 j - a potion of degeneration {unknown}
 m - a potion of curing {unknown}
Comestibles
 f - 2 bread rations
 q - a chunk of flesh


   Skills:
 - Level 2.4 Fighting
 + Level 3.6 Long Blades
 - Level 2.4 Armour
 - Level 2.4 Shields


You had 2 spell levels left.
You didn't know any spells.

Dungeon Overview and Level Annotations

Branches:
Dungeon (2/15)

Altars:
Ashenzari
Cheibriados
Dithmenos
Makhleb
Nemelex Xobeh
Qazlal
Xom


Message History

You block the rat's attack.
You hit the rat.
You kill the rat!
You block the worm's attack. The worm bites you!
You are too injured to fight recklessly!
You are too injured to fight recklessly!
You hit the worm.
The worm is lightly wounded.
You are too injured to fight recklessly!
You hit the worm.
The worm is heavily wounded.
You block the worm's attack.
You hit the worm.
The worm is heavily wounded.
The worm bites you.
You slash the worm!
The worm is almost dead.
The worm bites you!
You die...

# #.#
#.##.###..#########
#.#### #.##.# #..#
#....###....# #..#
#..#.##...### #..#
#...........###..#
##.#.............#
..............##.##
.....#..>#....##.#
#.####.##..#@w#....### .
#.....#....._...########
#..######._..._...†..<..
#.. #..........#######
#. #.._..⌠.._.# #
#..........#
...#._.....##
.####..._...# ###.....#


You could see a worm.

Vanquished Creatures
  An adder (D:2)
  3 worms (D:2)
  3 dart slugs
  3 bats (D:1)
  A giant cockroach (D:1)
  2 goblins
  4 hobgoblins
  3 jackals (D:1)
  3 kobolds
  A frilled lizard (D:1)
  5 rats
29 creatures vanquished.

Notes
Turn   | Place    | Note
-------+----------+-------------------------------------------
     0 | D:1      | removed the Deep Elf Fighter began the quest for the Orb.
     0 | D:1      | Reached XP level 1. HP: 13/13 MP: 3/3
   106 | D:1      | Reached skill level 2 in Long Blades
   359 | D:1      | Reached XP level 2. HP: 18/18 MP: 4/4
   834 | D:1      | Reached skill level 3 in Long Blades
   884 | D:2      | Found a snail-covered altar of Cheibriados.
   888 | D:2      | Found a stormy altar of Qazlal.
   889 | D:2      | Found a sparkling altar of Nemelex Xobeh.
   889 | D:2      | Found a shimmering altar of Xom.
   899 | D:2      | Found a shadowy altar of Dithmenos.
   899 | D:2      | Found a burning altar of Makhleb.
   900 | D:2      | Found a shattered altar of Ashenzari.
   915 | D:2      | Reached XP level 3. HP: 19/22 MP: 5/5
  1161 | D:2      | Found a stormy altar of Qazlal.
  1164 | D:2      | Noticed a water elemental
  1165 | D:2      | Noticed an air elemental
  1165 | D:2      | Noticed an earth elemental
  1165 | D:2      | Noticed a fire elemental
  1593 | D:2      | Slain by a worm

Skill      XL: |  1  2 |
---------------+-------+-----
Long Blades    | 2 3 |  3.6
Fighting       | |  2.4
Armour         | |  2.4
Shields        | |  2.4

Action                   || total
-------------------------++-------
Melee: Long sword        ||    97
  Eat: Chunk             ||     2
Armor: Scale mail        ||    37
Dodge: Dodged            ||    35
Block: Shield            ||    54
       Rpst.: Long sword ||    10
